 Dungeon Sprint DCSS version 0.16-a0-66-gff12a3a (webtiles) character file.

1698 BluebellGnoll the Fighter (level 8, 0/98 HPs)
             Began as a Troll Hunter on Aug 7, 2014.
             Was a High Priest of Okawaru.
             Slain by a seven-headed hydra (4 damage)
             ... in the Dungeon (Sprint IX: "|||||||||||||||||||||||||||||").
             The game lasted 00:04:28 (388 turns).

BluebellGnoll the Fighter (Troll Hunter)             Turns: 388, Time: 00:04:28

HP   0/98        AC 11     Str 26      XL: 8   Next: 72%
MP   1/3         EV 15     Int  7      God: Okawaru [*****.]
Gold 21          SH  0     Dex 13      Spells:  0 memorised,  7 levels left

rFire  . . .     SeeInvis .     o - +2 dire flail (protect)
rCold  . . .     Clarity  .     d - +0 animal skin
rNeg   . . .     rCorr    .     (shield restricted)
rPois  .         rRot     .     (helmet restricted)
rElec  .         Spirit   .     p - +0 cloak
SustAb .         Warding  .     (gloves unavailable)
rMut   .         NoTele   +     (boots unavailable)
Gourm  +                        (no amulet)
MR     .....                    r - +3 ring of dexterity
                                q - +3 ring of strength

@: heroism, not resistant to hostile enchantments, unstealthy
A: unfitting armour, claws 3, fast metabolism 3, gourmand, regeneration 2,
saprovore 2, shaggy fur 1, tough skin 2
a: Heroism, Finesse, Renounce Religion


You were in the Dungeon.
You worshipped Okawaru.
Okawaru was extremely pleased with you.
You were very full.

You visited 1 branch You collected 21 gold pieces.

Inventory:

Hand weapons
 k - a +0 whip
 o - a +2 dire flail of protection (weapon)
Missiles
 b - 5 large rocks (quivered)
 c - 2 throwing nets
Armour
 d - a +0 animal skin (worn)
 p - a +0 cloak (worn)
Magical devices
 n - a wand of cold (1)
Comestibles
 a - 2 meat rations
Scrolls
 j - 3 scrolls of blinking
 l - 3 scrolls of remove curse
 m - 2 scrolls of amnesia
 v - 2 scrolls of enchant weapon
 w - a scroll of identify
 x - 4 scrolls of enchant armour
Jewellery
 q - a +3 ring of strength (left claw)
 r - a +3 ring of dexterity (right claw)
Potions
 e - 6 potions of curing
 f - 5 potions of heal wounds
 g - a potion of invisibility
 h - 4 potions of magic
 i - a potion of berserk rage
 s - a potion of brilliance
 t - 3 potions of agility
Rods
 u - a +4 rod of shadows (9/9)
   (You found it in the Dungeon)


   Skills:
 - Level 12.1(17.1) Fighting
 - Level 10.1(15.1) Maces & Flails
 - Level 4.8(9.8) Throwing
 + Level 5.7(10.7) Dodging
 - Level 0.4(5.4) Stealth
 - Level 1.0(6.0) Unarmed Combat


You had 7 spell levels left.
You didn't know any spells.

Dungeon Overview and Level Annotations

Branches:
Dungeon (1/1)

Altars:
Cheibriados
Dithmenos
Elyvilon
Fedhas
Gozag
Kikubaaqudgha
Makhleb
Nemelex Xobeh
Okawaru
Qazlal
Sif Muna
Trog
Vehumet
Xom
Yredelemnul
Zin
The Shining One
Beogh
Jiyva
Lugonu


Innate Abilities, Weirdness & Mutations

You are too large for most types of armour.
You have claws for hands.
Your metabolism is lightning-fast.
You like to eat raw meat.
You heal very quickly.
You can eat rotten meat.
You are covered in fur (AC +1).
You have very tough skin (AC +2).


Message History

Press: ? - help, Shift-Dir - straight line, f/p - seven-headed hydra
Aim: a seven-headed hydra (heavily wounded)
The bolt of cold hits the seven-headed hydra.
The seven-headed hydra is almost dead.
The bolt of cold hits the adder.
You kill the adder!
Okawaru accepts your kill.
The bolt of cold misses the porcupine.
This wand has 1 charge left.
The seven-headed hydra barely misses you.
The seven-headed hydra bites you.
* * * LOW HITPOINT WARNING * * *
The seven-headed hydra bites you but does no damage.
The seven-headed hydra bites you.
* * * LOW HITPOINT WARNING * * *
The seven-headed hydra bites you.
* * * LOW HITPOINT WARNING * * *
The seven-headed hydra bites you!
* * * LOW HITPOINT WARNING * * *
The seven-headed hydra bites you.
You die...

▓l▓.▓_▓
▓.▓.▓_▓
▓.▓.▓_▓
▓r▓.▓_▓
▓.▓.▓_▓
▓.▓.▓_▓
▓.▓.▓_▓
▓D▓.▓_▓
▓@▓.▓_▓
▓.▓.▓_▓
▓.▓.▓'▓
▓.▓.▓.▓
▓.▓.▓.▓
▓.▓.▓.▓
▓.▓.▓.▓
▓.▓.▓.▓
▓.▓.▓'▓


You could see a seven-headed hydra, an iguana and a porcupine.

Vanquished Creatures
  A centaur warrior (D)
  A blink frog (D)
  A basilisk (D)
  A necrophage (D)
  An orc warrior (D)
  2 crocodiles (D)
  A giant frog (D)
  A hound (D)
  A crimson imp (D)
  A jelly (D)
  A worker ant (D)
  An iguana (D)
  3 adders (D)
  A shadow imp (D)
  An adder zombie (D)
  An orc (D)
  2 bats (D)
  A giant cockroach (D)
  A hobgoblin (D)
  A kobold (D)
  A kobold skeleton (D)
  A rat (D)
  A rat skeleton (D)
27 creatures vanquished.

Notes
Turn   | Place    | Note
--------------------------------------------------------------
     0 | D        | BluebellGnoll, the Troll Hunter, began the quest for the Orb.
     0 | D        | Reached XP level 1. HP: 19/19 MP: 1/1
     9 | D        | Reached skill level 4 in Throwing
    60 | D        | Noticed an iguana
    60 | D        | Noticed a crimson imp
    65 | D        | Reached XP level 2. HP: 27/27 MP: 1/1
    67 | D        | Killed an iguana
    67 | D        | Reached XP level 3. HP: 33/33 MP: 2/2
    98 | D        | Killed a crimson imp
    98 | D        | Reached skill level 6 in Maces & Flails
    98 | D        | Reached XP level 4. HP: 32/41 MP: 2/2
   118 | D        | Found a glowing silver altar of Zin.
   118 | D        | Found a glowing golden altar of the Shining One.
   118 | D        | Found an ancient bone altar of Kikubaaqudgha.
   118 | D        | Found a basalt altar of Yredelemnul.
   118 | D        | Found a shimmering altar of Xom.
   118 | D        | Found a radiant altar of Vehumet.
   118 | D        | Found an iron altar of Okawaru.
   119 | D        | Found a burning altar of Makhleb.
   120 | D        | Found a deep blue altar of Sif Muna.
   121 | D        | Found a bloodstained altar of Trog.
   122 | D        | Found a sparkling altar of Nemelex Xobeh.
   123 | D        | Found a white marble altar of Elyvilon.
   124 | D        | Found a roughly hewn altar of Beogh.
   125 | D        | Found a viscous altar of Jiyva.
   126 | D        | Found a corrupted altar of Lugonu.
   127 | D        | Became a worshipper of Warmaster Okawaru
   128 | D        | Found a blossoming altar of Fedhas.
   129 | D        | Found a snail-covered altar of Cheibriados.
   130 | D        | Found a shadowy altar of Dithmenos.
   131 | D        | Found a stormy altar of Qazlal.
   132 | D        | Found an opulent altar of Gozag.
   168 | D        | Noticed an orc warrior
   168 | D        | Noticed a hound
   178 | D        | Killed a hound
   178 | D        | Reached skill level 7 in Maces & Flails
   185 | D        | Killed an orc warrior
   185 | D        | Acquired Okawaru's first power
   185 | D        | Reached skill level 10 in Maces & Flails
   185 | D        | Reached XP level 5. HP: 31/48 MP: 2/2
   230 | D        | Noticed a giant frog
   230 | D        | Noticed a necrophage
   230 | D        | Noticed a centaur warrior
   230 | D        | Noticed a jelly
   230 | D        | Noticed a worker ant
   230 | D        | Noticed a basilisk
   236 | D        | Killed a basilisk
   236 | D        | Reached XP level 6. HP: 27/68 MP: 0/3
   238 | D        | Killed a worker ant
   241 | D        | Killed a jelly
   241 | D        | Killed a giant frog
   241 | D        | Reached XP level 7. HP: 33/80 MP: 0/3
   249 | D        | Killed a centaur warrior
   249 | D        | Reached skill level 11 in Fighting
   249 | D        | Reached XP level 8. HP: 9/98 MP: 1/3
   250 | D        | Killed a necrophage
   250 | D        | Reached skill level 12 in Fighting
   384 | D        | Noticed a porcupine
   384 | D        | Noticed a crocodile
   384 | D        | Noticed a crocodile
   384 | D        | Noticed a blink frog
   384 | D        | Noticed a seven-headed hydra
   387 | D        | Killed a blink frog
   387 | D        | Acquired Okawaru's second power
   387 | D        | Killed a crocodile
   387 | D        | Reached skill level 5 in Dodging
   387 | D        | Killed a crocodile
   387 | D        | Received a gift from Okawaru
   388 | D        | Noticed an iguana
   388 | D        | HP: 4/98 [seven-headed hydra (10)]
   388 | D        | Slain by a seven-headed hydra

Action                   |  1- 3 |  4- 6 |  7- 9 || total
-------------------------+-------+-------+-------++-------
Melee: Unarmed           |    15 |       |       ||    15
       Whip              |    28 |       |       ||    28
       Dire flail        |       |    25 |     7 ||    32
Throw: Large rock        |     5 |     4 |     1 ||    10
       Throwing net      |     2 |       |       ||     2
Invok: Heroism           |       |     1 |     1 ||     2
Evoke: Wand              |       |     1 |     5 ||     6
  Use: Potion            |     1 |       |       ||     1
  Eat: Chunk             |     4 |     4 |       ||     8
